 Dungeon Crawl Stone Soup version 0.25-a0-566-g062765be81 (webtiles) character file.

Game seed: 14004717223014034032, levelgen mode: deterministic

352 kae the Sneak (level 6, -2/32 HPs)
             Began as a Kobold Enchanter on Feb 27, 2020.
             Slain by Menkaure (10 damage)
             ... on level 5 of the Dungeon.
             The game lasted 00:06:41 (5425 turns).

kae the Sneak (Kobold Enchanter)                    Turns: 5425, Time: 00:06:42

Health: -2/32      AC:  8    Str:  6    XL:     6   Next: 93%
Magic:  9/11       EV: 15    Int: 18    God:
Gold:   282        SH:  0    Dex: 15    Spells: 3/12 levels left

rFire    + . .     SeeInvis .   a - +1 dagger
rCold    . . .     Gourm    .   (shield restricted)
rNeg     . . .     Faith    .   b - +0 robe
rPois    .         Spirit   .   (no helmet)
rElec    .         Reflect  .   (no cloak)
rCorr    .         Harm     .   (no gloves)
MR       .....                  (no boots)
Stlth    +.........             (no amulet)
HPRegen  0.10/turn              j - ring of protection from fire
MPRegen  0.12/turn              n - +6 ring of protection

@: confused, confusing touch
A: small, carnivore
a: no special abilities


You were on level 5 of the Dungeon.
You were full.

You visited 1 branch of the dungeon, and saw 5 of its levels.

You collected 282 gold pieces.

Inventory:

Hand Weapons
 a - a +1 dagger (weapon)
 l - a +0 short sword
Armour
 b - a +0 robe (worn)
Jewellery
 j - a ring of protection from fire (left hand)
 n - a +6 ring of protection (right hand)
Wands
 o - a wand of random effects (6)
Scrolls
 c - a scroll of remove curse
 f - a scroll of fog
 g - 2 scrolls of amnesia
 p - a scroll of identify
Potions
 k - a potion of stabbing
Comestibles
 d - 9 rations


   Skills:
 * Level 5.5 Short Blades
 - Level 2.4 Dodging
 + Level 5.7 Stealth
 + Level 3.5 Spellcasting
 + Level 4.1 Hexes


You had 3 spell levels left.
You knew the following spells:

 Your Spells              Type           Power        Failure   Level  Hunger
a - Corona                Hex            ###....      2%          1    None
b - Ensorcelled Hibernat  Hex/Ice        ##....       10%         2    ##.....
c - Confusing Touch       Hex            ###.....     9%          3    ###....
d - Tukima's Dance        Hex            ###.....     9%          3    ###....

Your spell library contained the following spells:

 Spells                   Type           Power        Failure   Level  Hunger
 Slow                     Hex            ###.....     4%          2    ##.....
 Shock                    Conj/Air       #...         16%         1    None
 Dazzling Flash           Conj/Hex       ##....       21%         3    ###....
 Inner Flame              Hex/Fire       ##......     21%         3    ###....
 Portal Projectile        Hex/Tloc       ##....       21%         3    ###....
 Swiftness                Chrm/Air       #.......     24%         2    ##.....
 Static Discharge         Conj/Air       #.......     43%         3    ###....
 Cause Fear               Hex            ###.......   28%         4    ####...
 Leda's Liquefaction      Hex/Erth       ##........   54%         4    ####...
 Airstrike                Air            #.........   83%         4    ####...
 Lightning Bolt           Conj/Air       #.........   99%         5    ######.


Dungeon Overview and Level Annotations

Branches:
Dungeon (5/15)
 Temple: D:4-7

Altars:
Cheibriados
Dithmenos
Fedhas
Trog

Annotations:
D:5 Menkaure


Innate Abilities, Weirdness & Mutations

You are small and have problems with some larger weapons.
You are carnivorous and can eat meat at any time.


Message History

There are no items here.
Found 14 gold pieces.
Menkaure, Prince of Dust comes into view.
Menkaure shouts!
Menkaure calls on the powers of darkness!
Your body is wracked with pain!
Casting: Confusing Touch (safe; 9% risk of failure)
Confirm with . or Enter, or press ? or * to list all spells.
Your hands begin to glow red.
Menkaure gestures wildly while chanting.
Menkaure seems to speed up.
You hit Menkaure but do no damage. Menkaure hits you!
* * * LOW HITPOINT WARNING * * *
You hit Menkaure but do no damage. Menkaure barely misses you.
You hit Menkaure but do no damage.
Menkaure calls on the powers of darkness!
You feel a surge of unholy energy.
You are confused.
You feel invigorated. Menkaure hits you!
You die...

.## ## .......##
.... ........#####
.#..
#............. .#
# .##...........#
... ..........
...# .##.
......... ...# .
.......M###..$##
##....@.......#
.#.............###
..................
.....####.........
...## ##........
.# ##.......#
##.......##
#........#
##.......##


You could see Menkaure.

Vanquished Creatures
  A howler monkey (D:4)
  A bullfrog skeleton (D:4)
  An orc wizard (D:4)
  Natasha (D:2)
  A worker ant (D:4)
  5 gnolls
  4 adders
  An adder zombie (D:5)
  An adder skeleton (D:4)
  3 worms
  4 dart slugs
  A leopard gecko (D:5)
  10 orcs
  11 bats
  3 giant cockroaches (D:1)
  9 goblins
  3 hobgoblins
  7 jackals
  12 kobolds
  3 quokkas
  2 ball pythons
  5 frilled lizards
  7 rats
96 creatures vanquished.

Notes
Turn   | Place    | Note
-------+----------+-------------------------------------------
     0 | D:1      | kae the Kobold Enchanter began the quest for the Orb.
     0 | D:1      | Reached XP level 1. HP: 10/10 MP: 3/3
   187 | D:1      | Reached XP level 2. HP: 14/15 MP: 5/5
   264 | D:1      | Learned a level 2 spell: Ensorcelled Hibernation
   299 | D:1      | Reached XP level 3. HP: 17/19 MP: 0/6
  1302 | D:2      | Reached XP level 4. HP: 24/24 MP: 4/7
  1429 | D:2      | Found a blossoming altar of Fedhas.
  1429 | D:2      | Found a bloodstained altar of Trog.
  1429 | D:2      | Found a snail-covered altar of Cheibriados.
  1552 | D:2      | Noticed Natasha
  2270 | D:2      | Killed Natasha
  2270 | D:2      | Reached skill level 5 in Stealth
  2270 | D:2      | Reached XP level 5. HP: 28/28 MP: 9/9
  2526 | D:3      | Found a shadowy altar of Dithmenos.
  4149 | D:4      | Reached XP level 6. HP: 25/32 MP: 1/10
  4353 | D:4      | Learned a level 3 spell: Confusing Touch
  4357 | D:4      | Learned a level 3 spell: Tukima's Dance
  4536 | D:4      | Reached skill level 5 in Short Blades
  5163 | D:5      | Entered Level 5 of the Dungeon
  5415 | D:5      | Noticed Menkaure
  5425 | D:5      | Slain by Menkaure

Levels and vault maps discovered:
D:1:      lemuel_arrival_lava_pool, layout_rooms, chequers_serial_rivers_room_b,
          minmay_pentomino_q4
D:2:      layout_basic, chequers_temple_overflow_statue_of_worship, uniq_natasha
D:3:      layout_basic, nicolae_dithmenos_through_a_glass_darkly, first_ration
D:4:      layout_cave_pools
D:5:      layout_layer_cave, minmay_temple_entry_ruins, portal_sewer_entry_f,
          uniq_menkaure

Skill      XL: |  1  2  3  4  5  6 |
---------------+-------------------+-----
Short Blades   | 2 3 4 5 |  5.5
Stealth        | 5 |  5.7
Spellcasting   | 3 |  3.5
Hexes          | 4 |  4.1
Dodging        | |  2.4

Action                   |  1- 3 |  4- 6 || total
-------------------------+-------+-------++-------
Melee: Dagger            |   156 |   225 ||   381
       Short sword       |     8 |       ||     8
 Cast: Corona            |    15 |     5 ||    20
       Ensorcelled Hiber |    13 |    59 ||    72
       Confusing Touch   |       |     4 ||     4
  Use: Scroll            |       |    13 ||    13
       Potion            |       |    10 ||    10
 Stab: Sleeping          |    11 |    36 ||    47
       Distracted        |       |     1 ||     1
       Confused          |       |     4 ||     4
  Eat: Chunk             |     4 |    20 ||    24
Armor: Robe              |    35 |    16 ||    51
Dodge: Dodged            |   165 |   176 ||   341

Table legend:
 A = Non-vault XP
 B = Vault XP
 C = Vault XP percentage of total XP
 D = Non-vault monster count
 E = Vault monster count
 F = Vault count percentage of total count
                 A         B        C        D         E       F
            +---------+---------+-------+---------+---------+-------
      Total |     457 |      46 |   9.1 |      90 |       6 |   6.2
            +---------+---------+-------+---------+---------+-------
        D:1 |      60 |       6 |   9.1 |      26 |       4 |  13.3
        D:2 |      61 |      37 |  37.8 |      21 |       1 |   4.5
        D:3 |      61 |       0 |   0.0 |      23 |       0 |   0.0
        D:4 |     223 |       0 |   0.0 |      15 |       0 |   0.0
        D:5 |      52 |       3 |   5.5 |       5 |       1 |  16.7
            +---------+---------+-------+---------+---------+-------
